 Dungeon Crawl Stone Soup version 0.21.0-37-g46506fa (webtiles) character file.

196978 pk666 the Severer (level 17, 0/244 HPs)
             Began as a Minotaur Berserker on Jan 31, 2018.
             Was the Champion of Trog.
             Succumbed to a wolf spider's poison
             ... on level 1 of the Spider Nest.
             The game lasted 02:14:50 (28923 turns).

pk666 the Severer (Minotaur Berserker)             Turns: 28923, Time: 02:14:50

Health: 0/244      AC: -1    Str: 34    XL:     17   Next: 76%
Magic:  16/16      EV:  7    Int:  7    God:    Trog [******]
Gold:   2386       SH:  0    Dex: 10    Spells: 16/16 levels left

rFire    + . .     SeeInvis +   T - +12 broad axe of the Dwarven Hall {chop, Fragile Int+3}
rCold    + . .     Gourm    .   W - +2 shield of Resistance {rF+ rC+ MR+}
rNeg     + . .     Faith    .   l - +1 plate armour {rPois}
rPois    +         Spirit   .   y - +0 mask of the Dragon {MR+ Slay+3 SInv}
rElec    .         Reflect  .   V - +0 cloak
rCorr    .         Harm     .   z - +0 pair of gloves
MR       ++++.                  K - +2 pair of boots
Stlth    ..........             v - amulet of regeneration
HPRegen  0.90/turn              G - ring of positive energy
MPRegen  0.15/turn              u - ring of protection from magic

@: berserking (expiring), lethally poisoned (0 -> -19), corroded, held,
starving, slowed
A: retaliatory headbutt, horns 2
}: 1/15 runes: barnacled
a: Berserk, Trog's Hand, Brothers in Arms, Burn Spellbooks, Renounce Religion


You were on level 1 of the Spider Nest.
You worshipped Trog.
Trog was exalted by your worship.
You were starving.

You visited 5 branches of the dungeon, and saw 28 of its levels.
You also visited: Sewer.

You collected 2878 gold pieces.
You spent 492 gold pieces at shops.

Inventory:

Hand Weapons
 b - a +3 executioner's axe of chopping
 T - the +12 broad axe of the Dwarven Hall (weapon) {chop, Fragile Int+3}
   (Trog gifted it to you on level 5 of the Lair of Beasts)

   It inflicts extra damage upon your enemies.
   It affects your intelligence (+3).
   It will be destroyed if unequipped.
Armour
 l - a +1 plate armour of poison resistance (worn)
 y - the +0 mask of the Dragon (worn) {MR+ Slay+3 SInv}
   (You found it on level 4 of the Shoals)

   It affects your accuracy and damage with ranged weapons and melee attacks
   (+3).
   It affects your resistance to hostile enchantments.
   It lets you see invisible.
 z - a +0 pair of gloves (worn)
 K - a +2 pair of boots (worn)
 R - the +2 pair of gloves of Tamekiedd {rPois MR++ Str-4}
   (You found it on level 4 of the Lair of Beasts)

   It affects your strength (-4).
   It protects you from poison.
   It affects your resistance to hostile enchantments.
 V - a +0 cloak (worn)
 W - the +2 shield of Resistance (worn) {rF+ rC+ MR+}
   (You found it on level 6 of the Lair of Beasts)

   It protects you from fire.
   It protects you from cold.
   It affects your resistance to hostile enchantments.
Jewellery
 a - an uncursed ring of protection from fire
 t - an uncursed amulet of guardian spirit
 u - a ring of protection from magic (right hand)
 v - an amulet of regeneration (around neck)
 D - an uncursed ring of poison resistance
 G - a ring of positive energy (left hand)
 L - an uncursed ring of flight
 N - a +2 ring of strength
Wands
 h - a wand of disintegration (11)
 r - a wand of digging (51)
 B - a wand of acid (10)
 C - a wand of polymorph (33)
 M - a wand of paralysis (24)
 S - a wand of enslavement (30)
 X - a wand of scattershot (6)
 Z - a wand of iceblast (22)
Scrolls
 d - 4 scrolls of enchant weapon
 f - 20 scrolls of remove curse
 k - 7 scrolls of teleportation
 m - 8 scrolls of identify
 p - 2 scrolls of blinking
 x - 2 scrolls of magic mapping
 F - 7 scrolls of fog
 H - 3 scrolls of enchant armour
 I - a scroll of immolation
 U - 2 scrolls of summoning
Potions
 e - 2 potions of brilliance
 g - 2 potions of resistance
 i - 4 potions of haste
 j - 4 potions of flight
 n - 15 potions of curing
 o - 4 potions of heal wounds
 s - 4 potions of might
 w - 4 potions of lignification
 A - a potion of invisibility
 E - a potion of cancellation
 O - a potion of ambrosia
Miscellaneous
 Y - 2 phantom mirrors
Comestibles
 c - 52 rations


   Skills:
 + Level 17.7 Fighting
 + Level 20.7 Axes
 + Level 17.2 Armour
 + Level 16.0 Dodging
 * Level 8.0 Shields


You had 16 spell levels left.
You didn't know any spells.

Dungeon Overview and Level Annotations

Branches:
Dungeon (15/15)            Temple (0/1) D:4            Lair (6/6) D:11
 Shoals (4/4) Lair:2       Spider (1/4) Lair:3        Slime (0/5) Lair:5
    Orc (2/2) D:11            Elf (0/3) Orc:2        Vaults (0/5) D:13
 Depths (0/5) D:15

Altars:
Cheibriados
Dithmenos
Elyvilon
Fedhas
Hepliaklqana
Kikubaaqudgha
Nemelex Xobeh
Qazlal
Vehumet
Wu Jian
Xom

Shops:
D:7 (   D:10 *   Orc:1 [   Orc:2 (?!?

Annotations:
D:12 exclusion: ice statue
Spider:1 exclusion: orange crystal statue


Innate Abilities, Weirdness & Mutations

You reflexively headbutt those who attack you in melee.
You have a pair of horns on your head.


Message History

Your shield and plate armour prevent you from hitting the redback.
Your headbutt misses the redback.
The redback is heavily wounded.
You feel very sick. You block the redback's attack.
The jumping spider leaps!
The redback bites you.
* * * LOW HITPOINT WARNING * * *
You slash the redback! Your headbutt misses the redback.
The redback is almost dead.
You barely miss the jumping spider.
You feel very sick. The redback bites you.
* * * LOW HITPOINT WARNING * * *
The jumping spider pounces on you!!
* * * LOW HITPOINT WARNING * * *
You are caught in a web!
The jumping spider bites you.
* * * LOW HITPOINT WARNING * * *
You are too berserk!
You struggle to detach yourself from the web.
You die... ss≈s

≈≈≈a 8≈≈≈ ≈≈≈a ≈≈sy
##.###### .≈≈.
.......s#
..ss########## #@#
...ss.†.ss.s.###s#
..##########sw†sw#
###........#.#####
#........#^#
#........#.#
#.......##^#
####.....##.##....# #.
...#†...##.##.....##..


You could see a torpor snail, an orb spider, a jumping spider and a redback.

Vanquished Creatures
  A tentacled monstrosity (D:13)
  A kraken (Shoals:2)
  Polyphemus (Shoals:3)
  Ilsuiw (Shoals:4)
  Louise (D:15)
  A very ugly thing (D:13)
  An entropy weaver (Spider:1)
  A dire elephant (Lair:6)
  Nessos (D:15)
  2 ettins
  10 merfolk impalers
  2 merfolk javelineers
  A yaktaur captain (D:15)
  11 hydras
  Fannar (Orc:1)
  A merfolk avatar (Shoals:4)
  2 ogre magi
  2 catoblepae
  13 two-headed ogres
  6 centaur warriors
  3 satyrs
  4 merfolk aquamancers
  5 orc high priests (Orc:2)
  2 tengu warriors (D:15)
  A deep troll shaman (Lair:6)
  6 death yaks
  2 unseen horrors
  14 sea snakes
  2 swamp dragons (Lair:5)
  29 harpies
  13 orc knights
  Pikel (D:4)
  15 manticores
  17 fauns
  An orb spider (Spider:1)
  9 ugly things
  9 wolf spiders
  14 cyclopes
  10 merfolk sirens
  5 black mambas
  8 water nymphs
  A centaur zombie (D:12)
  16 elephants
  A gargoyle (D:15)
  7 centaur skeletons
  9 spiny frogs
  6 komodo dragons
  An efreet (D:12)
  2 demonic crawlers (Spider:1)
  4 rime drakes
  6 yaktaurs (D:15)
  4 trolls
  7 jumping spiders
  6 meliai
  5 polar bears
  27 merfolk
  4 slime creatures
  4 wind drakes
  Grinder (D:3)
  A hornet (Spider:1)
  10 dream sheep
  13 hippogriffs
  11 snapping turtles
  12 blink frogs
  A shadow (D:14)
  20 redbacks
  5 tarantellas
  3 wyverns
  2 wraiths
  24 yaks
  11 water elementals
  A tarantella (shapeshifter) (D:13)
  A basilisk (Lair:2)
  4 chaos spawn
  2 hungry ghosts
  4 vampire mosquitoes
  A steam dragon (D:7)
  A swamp worm (shapeshifter) (D:15)
  2 soldier ants
  An acid dragon (D:11)
  3 swamp worms (Lair:5)
  15 water moccasins
  2 large abominations (D:13)
  42 orc warriors
  10 porcupines
  3 swamp drakes
  3 sky beasts
  Purgy (Sewer)
  A necrophage (D:15)
  5 ice beasts
  3 black bears
  A slave (D:4)
  A phantom (D:11)
  3 eyes of draining
  5 small abominations (D:13)
  7 ogres
  8 wolves (Lair:6)
  17 centaurs
  9 crocodiles
  4 big kobolds
  15 bullfrogs
  A wyvern zombie (D:7)
  A wyvern skeleton (D:14)
  A water moccasin skeleton (D:11)
  4 scorpions
  35 killer bees
  5 wights (D:13)
  6 howler monkeys
  5 electric eels
  7 crimson imps
  A bullfrog zombie (D:6)
  23 orc wizards
  32 orc priests
  3 quasits
  A bullfrog skeleton (D:8)
  9 hounds
  3 iguanas
  Terence (D:3)
  Jessica (D:3)
  A hell rat (D:8)
  6 worker ants
  2 hound skeletons (D:6)
  A howler monkey zombie (D:7)
  27 adders
  7 gnolls (D:5)
  9 river rats (D:8)
  2 oozes
  An adder skeleton (D:5)
  An adder zombie (D:5)
  3 worms
  4 dart slugs
  8 leopard geckos
  114 orcs
  10 giant cockroaches
  8 goblins
  8 hobgoblins (D:1)
  5 jackals
  13 quokkas
  2 ball pythons
  9 bats
  4 frilled lizards
  A jackal skeleton (D:5)
  12 kobolds
  3 quokka skeletons
  18 rats
  6 fungi
  14 plants
  A tentacle (Shoals:2)
1068 creatures vanquished.

Vanquished Creatures (collateral kills)
  A merfolk javelineer (Shoals:4)
  A centaur warrior (Shoals:4)
  A hydra (Lair:5)
  2 satyrs
  5 death yaks (D:11)
  4 fauns
  2 merfolk sirens (Shoals:4)
  A hungry ghost (D:11)
17 creatures vanquished.

Vanquished Creatures (others)
  16 fungi
  39 plants
  10 tentacles (Shoals:2)
65 creatures vanquished.

Grand Total: 1150 creatures vanquished

Notes
Turn   | Place    | Note
-------+----------+-------------------------------------------
     0 | D:1      | pk666 the Minotaur Berserker began the quest for the Orb.
     0 | D:1      | Reached XP level 1. HP: 19/19 MP: 0/0
   135 | D:1      | Reached skill level 4 in Axes
   159 | D:1      | Reached XP level 2. HP: 17/27 MP: 1/1
   493 | D:1      | Reached XP level 3. HP: 22/34 MP: 2/2
   640 | D:1      | Reached ** piety under Trog
  1142 | D:2      | Found an ancient bone altar of Kikubaaqudgha.
  1155 | D:2      | Reached skill level 5 in Fighting
  1155 | D:2      | Reached skill level 5 in Axes
  1155 | D:2      | Reached XP level 4. HP: 30/42 MP: 3/3
  1326 | D:2      | Found a snail-covered altar of Cheibriados.
  1847 | D:3      | Reached XP level 5. HP: 48/48 MP: 4/4
  1914 | D:3      | Noticed Terence
  1923 | D:3      | Killed Terence
  1973 | D:3      | Noticed Jessica
  1980 | D:3      | Killed Jessica
  2024 | D:3      | Noticed Grinder
  2028 | D:3      | Paralysed by Grinder for 7 turns
  2041 | D:3      | Paralysed by Grinder for 6 turns
  2047 | D:3      | Killed Grinder
  2047 | D:3      | Reached skill level 6 in Axes
  2047 | D:3      | Reached XP level 6. HP: 30/57 MP: 5/5
  2959 | D:4      | Noticed Pikel
  2959 | D:4      | Noticed a slave
  2959 | D:4      | Noticed a slave
  2959 | D:4      | Noticed a slave
  2960 | D:4      | Noticed a slave
  2968 | D:4      | Killed a slave
  2974 | D:4      | Killed Pikel
  2974 | D:4      | Reached skill level 8 in Axes
  2974 | D:4      | Reached XP level 7. HP: 64/64 MP: 6/6
  3211 | D:4      | Found a shadowy altar of Dithmenos.
  3214 | D:4      | Found a stormy altar of Qazlal.
  3217 | D:4      | Found a blossoming altar of Fedhas.
  3291 | D:4      | Reached *** piety under Trog
  3295 | D:4      | Found a staircase to the Ecumenical Temple.
  3566 | D:5      | Entered Level 5 of the Dungeon
  3583 | D:5      | Reached XP level 8. HP: 73/73 MP: 7/7
  3591 | D:5      | Reached skill level 5 in Armour
  3708 | D:5      | Found a sparkling altar of Nemelex Xobeh.
  3775 | D:5      | Found a radiant altar of Vehumet.
  3818 | D:5      | Found a glowing drain.
  3837 | Sewer    | Entered a sewer
  3903 | Sewer    | Noticed Purgy
  3911 | Sewer    | Killed Purgy
  4018 | D:5      | Found a white marble altar of Elyvilon.
  4029 | D:5      | Reached skill level 9 in Axes
  4034 | D:5      | Reached skill level 5 in Dodging
  4180 | D:5      | Reached **** piety under Trog
  4524 | D:6      | Reached XP level 9. HP: 81/81 MP: 8/8
  4732 | D:6      | Reached skill level 10 in Axes
  5225 | D:7      | Reached skill level 11 in Axes
  5243 | D:7      | Found Doexugor's Weapon Shoppe.
  5863 | D:8      | Reached XP level 10. HP: 88/91 MP: 9/9
  6016 | D:8      | Noticed a three-headed hydra
  6020 | D:8      | Killed a one-headed hydra
  6020 | D:8      | Reached skill level 12 in Axes
  6271 | D:8      | Reached ***** piety under Trog
  6570 | D:8      | Noticed a two-headed ogre
  6586 | D:8      | Killed a two-headed ogre
  6586 | D:8      | Reached skill level 10 in Fighting
  7234 | D:9      | Found an ornate altar of the Wu Jian Council.
  7665 | D:10     | Entered Level 10 of the Dungeon
  7804 | D:10     | Received a gift from Trog
  7813 | D:10     | Got a smoking arbalest {god gift}
  7814 | D:10     | Identified the +3 arbalest "Mesaesew" {venom, rElec} (Trog gifted it to you on level 10 of the Dungeon)
  7836 | D:10     | Reached skill level 13 in Axes
  7983 | D:10     | Found Vuiz's General Store.
  8134 | D:10     | Noticed a two-headed ogre
  8142 | D:10     | Killed a two-headed ogre
  8142 | D:10     | Reached XP level 11. HP: 70/101 MP: 10/10
  8278 | D:10     | Found a shimmering altar of Xom.
  8284 | D:10     | Found the -1 mace of Variability {chaos}
  8447 | D:10     | Noticed a two-headed ogre
  8453 | D:10     | Killed a two-headed ogre
  8694 | D:11     | Killed an unseen horror
  8782 | D:11     | Noticed a death yak
  8787 | D:11     | Noticed a death yak
  8790 | D:11     | Noticed a death yak
  8791 | D:11     | Noticed a death yak
  8793 | D:11     | Noticed a death yak
  8795 | D:11     | Noticed a death yak
  8796 | D:11     | Killed a death yak
  8812 | D:11     | Killed a death yak
  8814 | D:11     | Killed a death yak
  8814 | D:11     | Reached skill level 14 in Axes
  8815 | D:11     | Killed a death yak
  8816 | D:11     | Killed a death yak
  8816 | D:11     | Reached skill level 10 in Armour
  8820 | D:11     | Killed a death yak
  8888 | D:11     | Found a staircase to the Lair.
  9063 | D:11     | Received a gift from Trog
  9288 | D:11     | Found a staircase to the Orcish Mines.
  9416 | D:11     | Reached XP level 12. HP: 106/110 MP: 11/11
 10041 | D:12     | Noticed a six-headed hydra
 10048 | D:12     | Killed a four-headed hydra
 10376 | Lair:1   | Entered Level 1 of the Lair of Beasts
 10434 | Lair:1   | Reached skill level 15 in Axes
 10545 | Lair:1   | Reached skill level 10 in Dodging
 11372 | Lair:2   | Found a staircase to the Shoals.
 11505 | Lair:2   | Received a gift from Trog
 11532 | Lair:2   | Reached skill level 16 in Axes
 11674 | Lair:2   | Noticed a six-headed hydra
 11684 | Lair:2   | Killed a one-headed hydra
 11944 | Lair:3   | Found a hole to the Spider Nest.
 12132 | Lair:3   | Reached XP level 13. HP: 98/119 MP: 12/12
 13035 | Lair:4   | Got a pair of ancient gloves
 13046 | Lair:4   | Identified the +2 pair of gloves of Tamekiedd {rPois MR++ Str-4} (You found it on level 4 of the Lair of Beasts)
 13433 | Lair:4   | Found a hazy altar of Hepliaklqana.
 13896 | Lair:5   | Reached skill level 17 in Axes
 14639 | Lair:5   | Received a gift from Trog
 14644 | Lair:5   | Got a steaming broad axe {god gift}
 14645 | Lair:5   | Identified the +12 broad axe of the Dwarven Hall {chop, Fragile Int+3} (Trog gifted it to you on level 5 of the Lair of Beasts)
 14676 | Lair:5   | Found a staircase to the Slime Pits.
 15092 | Lair:6   | Entered Level 6 of the Lair of Beasts
 15221 | Lair:6   | Reached XP level 14. HP: 129/129 MP: 13/13
 15812 | Lair:6   | Reached skill level 18 in Axes
 16102 | Lair:6   | Found the +2 shield of Resistance {rF+ rC+ MR+}
 16425 | Orc:1    | Entered Level 1 of the Orcish Mines
 16586 | Orc:1    | Noticed Fannar
 16604 | Orc:1    | Killed Fannar
 16849 | Orc:2    | Entered Level 2 of the Orcish Mines
 16850 | Orc:2    | Received a gift from Trog
 16884 | Orc:2    | Found a staircase to the Elven Halls.
 17979 | Orc:2    | Received a gift from Trog
 18486 | Orc:1    | Found Ceddyodgh's Armour Boutique.
 18652 | Orc:2    | Found Gawkidec's Magic Scroll Boutique.
 18653 | Orc:2    | Found Pusoxtoe's Antique Weapon Boutique.
 18653 | Orc:2    | Found Jesuut's Magic Scroll Shop.
 18654 | Orc:2    | Found Seli's Distillery.
 18660 | Orc:2    | Bought a potion of curing for 45 gold pieces
 18660 | Orc:2    | Bought a potion of heal wounds for 75 gold pieces
 18660 | Orc:2    | Bought a potion of curing for 45 gold pieces
 18660 | Orc:2    | Bought 2 potions of heal wounds for 150 gold pieces
 18660 | Orc:2    | Bought a potion of lignification for 45 gold pieces
 18660 | Orc:2    | Bought 2 potions of curing for 90 gold pieces
 18664 | Orc:2    | Bought a scroll of noise for 14 gold pieces
 18664 | Orc:2    | Bought a scroll of fog for 28 gold pieces
 18858 | Shoals:1 | Entered Level 1 of the Shoals
 18916 | Shoals:1 | Reached XP level 15. HP: 83/139 MP: 14/14
 19090 | Shoals:1 | Reached skill level 15 in Fighting
 19193 | Shoals:1 | Found a blossoming altar of Fedhas.
 19505 | Shoals:1 | Found a shimmering altar of Xom.
 19742 | Shoals:1 | Received a gift from Trog
 20254 | Shoals:2 | Reached skill level 19 in Axes
 20859 | Shoals:2 | Found a runed door.
 20867 | Shoals:2 | Reached skill level 15 in Armour
 20934 | Shoals:2 | Noticed a kraken
 21209 | Shoals:2 | Received a gift from Trog
 21377 | Shoals:2 | Noticed a kraken
 21476 | Shoals:2 | Killed a kraken
 21692 | Shoals:3 | Noticed Polyphemus
 22166 | Shoals:3 | Got a shimmering broad axe
 22167 | Shoals:3 | Identified the cursed +0 broad axe "Usiosune" {chaos, rElec rF- MR+} (You found it on level 3 of the Shoals)
 22551 | Shoals:3 | Reached XP level 16. HP: 151/151 MP: 15/15
 22684 | Shoals:3 | Reached ****** piety under Trog
 22924 | Shoals:4 | Entered Level 4 of the Shoals
 23135 | Shoals:3 | Killed Polyphemus
 23329 | Shoals:4 | Received a gift from Trog
 23513 | Shoals:4 | Noticed Ilsuiw
 23616 | Shoals:4 | Killed Ilsuiw
 23886 | Shoals:3 | Reached skill level 15 in Dodging
 24020 | Shoals:4 | Reached skill level 20 in Axes
 24847 | Shoals:4 | Found the +0 mask of the Dragon {MR+ Slay+3 SInv}
 25093 | Shoals:4 | Got a barnacled rune of Zot
 25135 | Shoals:4 | Received a gift from Trog
 25924 | D:13     | Reached skill level 1 in Shields
 25995 | D:13     | Found a gate to the Vaults.
 26392 | D:13     | Found a runed door.
 26418 | D:13     | Reached XP level 17. HP: 160/161 MP: 16/16
 26460 | D:13     | Received a gift from Trog
 26568 | D:13     | Noticed a tentacled monstrosity
 26574 | D:13     | Killed a tentacled monstrosity
 27512 | D:15     | Entered Level 15 of the Dungeon
 27575 | D:15     | Received a gift from Trog
 27575 | D:15     | Reached skill level 5 in Shields
 27777 | D:15     | Noticed Nessos
 27793 | D:15     | Killed Nessos
 27868 | D:15     | Got a pitted chain mail
 27869 | D:15     | Identified the cursed +1 chain mail of Beyond {rCorr Dex+4} (You found it on level 15 of the Dungeon)
 27881 | D:15     | Noticed Louise
 27925 | D:15     | Killed Louise
 28268 | D:15     | Received a gift from Trog
 28372 | D:15     | Found a staircase to the Depths.
 28557 | Spider:1 | Entered Level 1 of the Spider Nest
 28922 | Spider:1 | HP: 6/244 [jumping spider (20)]
 28922 | Spider:1 | HP: 2/244 [jumping spider (4)]
 28923 | Spider:1 | Succumbed to a wolf spider's poison

Skill      XL: |  1  2  3  4  5  6  7  8  9 10 11 12 13 14 15 16 17 |
---------------+----------------------------------------------------+-----
Fighting       | 4 5 6 7 9 10 11 12 13 14 16 17 | 17.7
Axes           | 4 5 6 8 9 11 13 14 16 17 18 19 20 | 20.7
Armour         | 3 4 6 7 9 10 11 12 14 15 16 17 | 17.2
Dodging        | 3 4 5 7 8 9 10 11 13 14 15 16 | 16.0
Shields        | 2 8 |  8.0

Action                   |  1- 3 |  4- 6 |  7- 9 | 10-12 | 13-15 | 16-18 || total
-------------------------+-------+-------+-------+-------+-------+-------++-------
Melee: Hand axe          |    71 |   121 |   327 |   255 |    44 |       ||   818
       Headbutt          |    10 |    20 |    54 |   143 |   179 |   155 ||   561
       War axe           |       |       |       |   168 |       |       ||   168
       Battleaxe         |       |       |       |   212 |   157 |       ||   369
       Broad axe         |       |       |       |       |   689 |   701 ||  1390
Invok: Berserk           |     1 |     1 |     4 |     5 |     8 |     1 ||    20
       Burn Spellbooks   |       |       |     1 |     2 |     1 |     4 ||     8
       Brothers in Arms  |       |       |       |     1 |     2 |     2 ||     5
  Use: Scroll            |       |       |       |     6 |    11 |    16 ||    33
       Potion            |       |       |       |     1 |     4 |     2 ||     7
 Stab: Distracted        |       |       |       |       |     1 |       ||     1
  Eat: Chunk             |     1 |     5 |     9 |    25 |    43 |    22 ||   105
       Ration            |       |       |     2 |       |       |       ||     2
Armor: Animal skin       |    15 |     6 |       |       |       |       ||    21
       Leather armour    |       |     3 |       |       |       |       ||     3
       Plate armour      |       |    44 |   217 |   326 |   489 |   315 ||  1391
Dodge: Dodged            |    57 |    56 |   158 |   311 |   425 |   244 ||  1251
Block: Shield            |       |       |       |       |   189 |   374 ||   563
